 Dungeon Sprint DCSS version 0.21.1-1-g345015f (webtiles) character file.

1631 Mgcat the Protected (level 8, -3/127 HPs)
             Began as a Deep Dwarf Fighter on Feb 9, 2018.
             Was a Follower of Makhleb.
             Killed by divine providence
             ... invoked by an orc priest
              (13 damage)
             ... in the Dungeon (Sprint III: "The Ten Rune Challenge").
             The game lasted 00:03:33 (371 turns).

Mgcat the Protected (Deep Dwarf Fighter)             Turns: 371, Time: 00:03:33

Health: -3/127     AC:  9    Str: 26    XL:     8   Next: 65%
Magic:  5/5        EV:  9    Int:  8    God:    Makhleb [*.....]
Gold:   32         SH: 13    Dex: 14    Spells: 7/7 levels left

rFire    . . .     SeeInvis .   a - +0 war axe
rCold    . . .     Gourm    .   c - +0 shield
rNeg     . . .     Faith    .   b - +0 scale mail
rPois    .         Spirit   .   (no helmet)
rElec    .         Reflect  .   (no cloak)
rCorr    .         Harm     .   (no gloves)
MR       +....     NoTele   +   (no boots)
Stlth    ..........             (no amulet)
HPRegen  0.00/turn              (no ring)
MPRegen  0.09/turn              (no ring)

@: berserking (expiring), non-regenerating, very quick
A: damage resistance, heal wounds, sense surroundings 1, no regeneration
a: Heal Wounds, Renounce Religion


You were in the Dungeon.
You worshipped Makhleb.
Makhleb was aware of your devotion.
You were not hungry.

You visited 1 branch You collected 32 gold pieces.

Inventory:

Hand Weapons
 a - a +0 war axe (weapon)
Missiles
 l - 22 bolts
Armour
 b - a +0 scale mail (worn)
 c - a +0 shield (worn)
Wands
 t - a wand of clouds (4)
   (You found it in the Dungeon)
Scrolls
 k - a scroll of blinking {!r}
 n - 2 scrolls of holy word {unknown}
 o - a scroll of identify {unknown}
 p - 4 scrolls of remove curse
 r - a scroll of amnesia {unknown}
Potions
 d - a potion of might
 e - a potion of curing
 g - a potion of heal wounds
 h - a potion of haste
 i - 3 potions of magic
 j - a potion of berserk rage {!q}
 q - 3 potions of flight
 s - 4 potions of mutation {!q}
Books
 u - a book of Misfortune
   (You found it in the Dungeon)
 v - a book of Minor Magic
   (You found it in the Dungeon)
Comestibles
 f - 4 rations
 m - 5 chunks of flesh {@w0}


   Skills:
 + Level 9.4 Fighting
 + Level 10.8 Axes
 + Level 11.1 Armour
 + Level 11.1 Shields


You had 7 spell levels left.
You didn't know any spells.

Dungeon Overview and Level Annotations

Branches:
Dungeon (1/1)

Altars:
Cheibriados
Dithmenos
Elyvilon
Fedhas
Gozag
Hepliaklqana
Kikubaaqudgha
Makhleb
Nemelex Xobeh
Okawaru
Qazlal
Ru
Sif Muna
Trog
Uskayaw
Vehumet
Wu Jian
Xom
Yredelemnul
Zin
The Shining One
Beogh
Jiyva
Lugonu

Annotations:
D exclusion: Erica, Erica


Innate Abilities, Weirdness & Mutations

You are resistant to damage.
You can heal yourself by infusing magical energy.
You passively map a small area around you.
You do not regenerate.


Message History

The orc priest mumbles some strange prayers to Beogh against you.
Beogh smites you!
The orc sorcerer gestures wildly while chanting.
There is an open door to the Orcish Mines here.
The orc priest casts a cantrip, but nothing happens.
Unknown command.
Unknown command.
Unknown command.
The orc priest mumbles some strange prayers to Beogh against you.
Beogh smites you!
The orc knight unwields an uncursed long sword of freezing.
The orc knight wields an arbalest.
The orc knight shoots a bolt.
The bolt barely misses you.
The orc sorcerer casts a spell.
There is an open door here.
Your magical essence is drained by the effort!
You feel much better.
You fail to use your ability.
You hit the orc knight but do no damage.
The orc knight unwields an uncursed arbalest.
The orc knight wields an uncursed long sword of freezing.
It glows with a cold blue light!
The orc knight barely misses you.
You slash the orc knight!
The orc knight is lightly wounded.
You closely miss the orc knight.
The orc knight is lightly wounded.
The orc knight roars a battlecry!
You block the orc knight's attack.
Really quaff
j - 2 potions of berserk rage {!q}?
Okay, then.
Really quaff
j - 2 potions of berserk rage {!q}?
A red film seems to cover your vision as you go berserk!
You feel yourself moving faster!
You feel mighty!
You slash the orc knight!
The orc knight is heavily wounded.
The orc knight roars a battlecry!
You closely miss the orc knight.
The orc knight is heavily wounded.
The orc knight hits you but does no damage.
You closely miss the orc knight.
The orc knight is heavily wounded.
You slash the orc knight!
The orc knight is heavily wounded.
The orc knight hits you with an uncursed long sword of freezing.
The orc knight freezes you.
You slash the orc knight!
The orc knight is severely wounded.
The orc wizard no longer looks unusually strong.
You hit the orc knight.
The orc knight is almost dead.
The orc knight hits you with an uncursed long sword of freezing!!
The orc knight freezes you.
You slice the orc knight!!
You kill the orc knight!
Makhleb accepts your kill.
You can now gain health from killing.
Your Fighting skill increases to level 9!
Your Armour skill increases to level 11!
Your Shields skill increases to level 11!
You slash the orc wizard!
You kill the orc wizard!
Makhleb accepts your kill.
The neqoxec shouts!
An orc wizard appears from thin air!
Reactivating autopickup.
The orc high priest no longer looks unusually strong.
The sixfirhy hits you but does no damage.
You block the orc priest's attack. The sixfirhy hits you.
The sixfirhy shocks you!
* * * LOW HITPOINT WARNING * * *
There is an open door, spattered with blood here.
Items here: ( ))) [[ †† You slash the orc priest!
The orc priest is severely wounded.
You hit the sixfirhy.
The sixfirhy hits you but does no damage.
You block the sixfirhy's attack.
You slash the orc priest!
You kill the orc priest!
Makhleb accepts your kill.
You feel better.
You slash the sixfirhy!
The sixfirhy hits you but does no damage.
The sixfirhy barely misses you.
The soul eater draws from the surrounding life force!
* * * LOW HITPOINT WARNING * * *
The sixfirhy hits you but does no damage.
Unknown command.
Unknown command.
Unknown command.
You are too berserk!
You are too berserk!
You hit the orc.
The orc is almost dead.
You miss the sixfirhy. The sixfirhy hits you!
* * * LOW HITPOINT WARNING * * *
The sixfirhy shocks you!
* * * LOW HITPOINT WARNING * * *
The orc wizard looks braver for a moment.
The orc priest invokes the aid of Beogh against you.
Beogh smites you!
You die...

♣.#...#__.#._#{oo.oooo ,
♣♣♣♣.###'#'###)##33...oo3
...♣.#..........#oo4.oooo
♣♣.♣.'.⌠........#o#* *
≈≈♣♣.#..)######'#o# *
≈....#.⌠.#__#...#o##### *
* .....#...#__#...#o.§§§+
.....#)###__#...#o#§≈§#,
.....#.).#__#...@3#§§§#,*
.....#___#__+...#(#§@§*,
, , ▓▓▓▓▓▓▓▓▓▓▓▓▓▓▓▓▓▓▓ *
* * , * , ≈ , * *≈ * , ,
* ** * * , * ** * * * * *
* ≈


You could see a soul eater, an orc high priest, a sixfirhy, a neqoxec, an orc
sorcerer, an orc priest, an orc wizard and 3 orcs.

Vanquished Creatures
  An orc knight (D)
  A deep elf mage (D)
  A shadow (D)
  A necrophage (D)
  A water elemental (D)
  A scorpion (D)
  An orc priest (D)
  A jelly (D)
  An orc wizard (D)
  A wizard (D)
  A necromancer (D)
  3 humans (D)
  A kobold demonologist (D)
  2 oozes (D)
  2 rats (D)
19 creatures vanquished.

Vanquished Creatures (others)
  2 draconian scorchers (D)
  6 hellions (D)
  A yaktaur (D)
9 creatures vanquished.

Grand Total: 28 creatures vanquished

Notes
Turn   | Place    | Note
-------+----------+-------------------------------------------
     0 | D        | Mgcat the Deep Dwarf Fighter began the quest for the Orb.
     0 | D        | Reached XP level 1. HP: 20/20 MP: 1/1
     6 | D        | Reached skill level 3 in Fighting
     7 | D        | Reached skill level 3 in Axes
     7 | D        | Reached skill level 4 in Armour
     7 | D        | Reached skill level 4 in Shields
     7 | D        | Reached XP level 2. HP: 23/28 MP: 2/2
    53 | D        | HP: 5/28 [human (3)]
    63 | D        | Reached XP level 3. HP: 36/36 MP: 2/2
    63 | D        | Killed a hellion
    70 | D        | Noticed a scorpion
    77 | D        | Killed a hellion
    83 | D        | Killed a hellion
    84 | D        | Killed a hellion
    87 | D        | Killed a scorpion
    87 | D        | Reached skill level 4 in Fighting
    87 | D        | Reached skill level 4 in Axes
    87 | D        | Reached skill level 5 in Armour
    87 | D        | Reached skill level 5 in Shields
    87 | D        | Reached XP level 4. HP: 43/45 MP: 3/3
    96 | D        | Killed a yaktaur
   123 | D        | Killed a hellion
   125 | D        | Killed a white draconian scorcher
   131 | D        | Killed a hellion
   146 | D        | Noticed a water elemental
   152 | D        | Killed a water elemental
   152 | D        | Reached skill level 5 in Fighting
   152 | D        | Reached skill level 5 in Axes
   152 | D        | Reached skill level 6 in Armour
   152 | D        | Reached skill level 6 in Shields
   162 | D        | Found a glowing silver altar of Zin.
   162 | D        | Found a glowing golden altar of the Shining One.
   162 | D        | Found a white marble altar of Elyvilon.
   162 | D        | Noticed a deep elf mage
   178 | D        | HP: 7/46 [deep elf mage/bolt of negative energy (25)]
   185 | D        | Killed a deep elf mage
   185 | D        | Reached skill level 7 in Fighting
   185 | D        | Reached skill level 8 in Axes
   185 | D        | Reached skill level 9 in Armour
   185 | D        | Reached skill level 9 in Shields
   185 | D        | Reached XP level 5. HP: 40/57 MP: 4/4
   185 | D        | Reached XP level 6. HP: 46/66 MP: 5/5
   185 | D        | Reached XP level 7. HP: 51/72 MP: 6/6
   189 | D        | Found a hide-covered altar of Uskayaw.
   189 | D        | Found a roughly hewn altar of Beogh.
   189 | D        | Found an iron altar of Okawaru.
   189 | D        | Found a bloodstained altar of Trog.
   189 | D        | Found an ornate altar of the Wu Jian Council.
   189 | D        | Noticed a human
   190 | D        | Noticed a human
   193 | D        | Killed a human
   193 | D        | Reached skill level 9 in Axes
   195 | D        | Killed a human
   195 | D        | Reached skill level 8 in Fighting
   206 | D        | Found a basalt altar of Yredelemnul.
   206 | D        | Found a shadowy altar of Dithmenos.
   206 | D        | Found a sacrificial altar of Ru.
   213 | D        | Reached skill level 10 in Armour
   213 | D        | Reached skill level 10 in Shields
   221 | D        | Noticed a shadow
   225 | D        | Killed a shadow
   225 | D        | Reached skill level 10 in Axes
   225 | D        | Reached XP level 8. HP: 46/82 MP: 7/7
   229 | D        | Killed a white draconian scorcher
   232 | D        | Found a blossoming altar of Fedhas.
   232 | D        | Found a stormy altar of Qazlal.
   233 | D        | Found a snail-covered altar of Cheibriados.
   233 | D        | Found a burning altar of Makhleb.
   233 | D        | Found a hazy altar of Hepliaklqana.
   233 | D        | Found a shimmering altar of Xom.
   233 | D        | Found an opulent altar of Gozag.
   233 | D        | Found a sparkling altar of Nemelex Xobeh.
   233 | D        | Found a corrupted altar of Lugonu.
   233 | D        | Found a viscous altar of Jiyva.
   242 | D        | Became a worshipper of Makhleb the Destroyer
   265 | D        | Found a radiant altar of Vehumet.
   265 | D        | Found a deep blue altar of Sif Muna.
   265 | D        | Found an ancient bone altar of Kikubaaqudgha.
   267 | D        | Noticed an orange demon
   283 | D        | Noticed a rust devil
   289 | D        | Noticed a red devil
   344 | D        | Noticed an orc sorcerer
   344 | D        | Noticed an orc knight
   345 | D        | Noticed Erica
   345 | D        | Noticed an orc high priest
   345 | D        | Noticed an orc high priest
   346 | D        | Noticed a rust devil
   346 | D        | Noticed a soul eater
   349 | D        | Noticed a sixfirhy
   366 | D        | Killed an orc knight
   366 | D        | Reached * piety under Makhleb
   366 | D        | Reached skill level 9 in Fighting
   366 | D        | Reached skill level 11 in Armour
   366 | D        | Reached skill level 11 in Shields
   370 | D        | HP: 27/127 [soul eater/drain life[an orc high priest] (14)]
   371 | D        | HP: 10/127 [sixfirhy[an orc sorcerer] (9)]
   371 | D        | Killed from afar by an orc priest

Skill      XL: |  1  2  3  4  5  6  7  8 |
---------------+-------------------------+-----
Fighting       | 3 4 7 8 9 |  9.4
Axes           | 3 4 8 10 | 10.8
Armour         | 4 5 9 10 11 | 11.1
Shields        | 4 5 9 10 11 | 11.1

Action                   |  1- 3 |  4- 6 |  7- 9 || total
-------------------------+-------+-------+-------++-------
Melee: War axe           |    32 |    23 |    58 ||   113
 Abil: Heal Wounds       |     1 |     1 |     3 ||     5
  Use: Potion            |       |     1 |     1 ||     2
Armor: Scale mail        |     8 |     3 |    20 ||    31
Dodge: Dodged            |    13 |     7 |    17 ||    37
Block: Shield            |    16 |     7 |    33 ||    56

Vault maps used:
D:        dungeon_sprint_mu

Table legend:
 A = Turns spent in this place as a percentage of turns spent in the entire game.
 B = Non-inter-level travel turns spent in this place as a percentage of non-inter-level travel turns spent in the entire game.
 C = Inter-level travel turns spent in this place as a percentage of turns spent in this place.
 D = Turns resting spent in this place as a percentage of non-inter-level travel turns spent in this place.
 E = Turns spent auto-exploring this place as a percentage of non-inter-level travel turns spent in this place.
 F = Non-inter-level travel turns spent in this place divided by the number of levels of this place that you've seen.
                   A       B       C       D       E      F
               +-------+-------+-------+-------+-------+----------------------
         Total | 100.0 | 100.0 |   0.0 |   1.3 |   8.9 | 371.0
       Dungeon | 100.0 | 100.0 |   0.0 |   1.3 |   8.9 | 371.0
               +-------+-------+-------+-------+-------+----------------------

Table legend:
 A = Kills in this place as a percentage of kills in entire the game.
 B = Kills by you in this place as a percentage of kills by you in the entire game.
 C = Kills by friends in this place as a percentage of kills by friends in the entire game.
 D = Other kills in this place as a percentage of other kills in the entire game.
 E = Experience gained in this place as a percentage of experience gained in the entire game.
 F = Experience gained in this place divided by the number of levels of this place that you have seen.
                   A       B       C       D       E      F
               +-------+-------+-------+-------+-------+----------------------
         Total | 100.0 | 100.0 |   N/A |   N/A | 100.0 | 2330.0
       Dungeon | 100.0 | 100.0 |   N/A |   N/A | 100.0 | 2330.0
               +-------+-------+-------+-------+-------+----------------------
